 Dungeon Crawl Stone Soup version 0.22.1-2-g9c5b331 (webtiles) character file.

53 HoaS the Ruffian (level 3, -1/23 HPs)
             Began as a Gargoyle Berserker on Dec 25, 2018.
             Was a Believer of Trog.
             Slain by a goblin (4 damage)
             ... led by Robin
             ... on level 2 of the Dungeon.
             The game lasted 00:04:14 (1023 turns).

HoaS the Ruffian (Gargoyle Berserker)               Turns: 1023, Time: 00:04:15

Health: -1/23      AC: 14    Str: 20    XL:     3   Next: 89%
Magic:  0/3        EV:  8    Int:  7    God:    Trog [**....]
Gold:   32         SH:  0    Dex: 10    Spells: 2/2 levels left

rFire    . . .     SeeInvis .     - Unarmed
rCold    . . .     Gourm    .   (no shield)
rNeg     + + .     Faith    .   h - +1 chain mail {rN+}
rPois    ∞         Spirit   +   (no helmet)
rElec    +         Reflect  .   (no cloak)
rCorr    .         Harm     .   a - +0 pair of gloves
MR       .....                  (no boots)
Stlth    ..........             c - amulet of guardian spirit
HPRegen  0.07/turn              (no ring)
MPRegen  0.08/turn              (no ring)

@: no status effects
A: negative energy resistance 1, electricity resistance, unbreathing,
petrification resistance, rot immunity, AC +3
a: Berserk, Trog's Hand, Renounce Religion


You were on level 2 of the Dungeon.
You worshipped Trog.
Trog was pleased with you.
You were not hungry.

You visited 1 branch of the dungeon, and saw 2 of its levels.

You collected 32 gold pieces.

Inventory:

Armour
 a - a +0 pair of gloves (worn)
 g - a +0 ring mail
 h - a +1 chain mail of positive energy (worn)
Jewellery
 c - an amulet of guardian spirit (around neck)
Potions
 e - 2 potions of brilliance {unknown}
 f - 2 potions of curing {unknown}
 i - 2 potions of heal wounds {unknown}
Comestibles
 b - 2 rations
 d - 5 chunks of flesh


   Skills:
 - Level 3.2 Fighting
 - Level 2.1 Armour
 - Level 1.5 Dodging
 + Level 4.7 Unarmed Combat


You had 2 spell levels left.
You didn't know any spells.
Your spell library was empty.

Dungeon Overview and Level Annotations

Branches:
Dungeon (2/15)

Altars:

Annotations:
D:2 Robin


Innate Abilities, Weirdness & Mutations

You are resistant to torment.
Your stone body is resilient. (AC +3)
You are immune to poison.
You resist negative energy. (rN+)
You are resistant to electric shocks. (rElec)
You can survive without breathing.
You are immune to petrification.
You are immune to rotting.


Message History

You barely miss the goblin. The goblin barely misses you.
The goblin hits you but does no damage. The goblin closely misses you.
The hobgoblin hits you but does no damage.
The goblin barely misses you.
The leopard gecko bites you but does no damage.
The hobgoblin hits you but does no damage.
You barely miss the goblin. The goblin hits you but does no damage.
The goblin closely misses you. The goblin hits you but does no damage.
The leopard gecko closely misses you. The goblin hits you but does no damage.
The hobgoblin barely misses you. The goblin hits you but does no damage.
You punch the goblin!
You kill the goblin!
Trog accepts your kill.
The hobgoblin hits you but does no damage.
The goblin barely misses you.
The leopard gecko bites you but does no damage.
The goblin hits you but does no damage. x2
The hobgoblin hits you but does no damage.
The goblin hits you.
You die...

)..####.g...##...........
.?. #............###...
##g..#.####.####....
..##...##...#.........
......................
...................#
♣.##..###......g...#
♣♣............ggg..#
♣♣..........gg@g..###
♣P.##..#....)ggl....#
..................#....
......>.........# #..
.#.....##......... #
..#................
..##.###.#........# #.
#.#####...## .. .###


You could see Robin, a leopard gecko, 4 hobgoblins and 4 goblins.

Vanquished Creatures
  Terence (D:2)
  2 dart slugs (D:1)
  2 leopard geckos
  A giant cockroach (D:1)
  8 goblins
  A hobgoblin (D:2)
  3 kobolds (D:1)
  2 bats (D:1)
  3 rats (D:1)
23 creatures vanquished.

Notes
Turn   | Place    | Note
-------+----------+-------------------------------------------
     0 | D:1      | HoaS the Gargoyle Berserker began the quest for the Orb.
     0 | D:1      | Reached XP level 1. HP: 14/14 MP: 1/1
   147 | D:1      | Reached XP level 2. HP: 19/19 MP: 2/2
   798 | D:1      | Reached skill level 4 in Unarmed Combat
   864 | D:2      | Noticed Terence
   873 | D:2      | Killed Terence
   873 | D:2      | Reached XP level 3. HP: 23/23 MP: 3/3
   936 | D:2      | Reached ** piety under Trog
   989 | D:2      | Noticed Robin
  1023 | D:2      | Slain by a goblin

Skill      XL: |  1  2 |
---------------+-------+-----
Unarmed Combat | 4 |  4.7
Fighting       | |  3.2
Armour         | |  2.1
Dodging        | |  1.5

Action                   || total
-------------------------++-------
Melee: Unarmed           ||    74
       Punch             ||     1
Invok: Berserk           ||     1
  Use: Scroll            ||     1
  Eat: Chunk             ||     1
Armor: Animal skin       ||     5
       Ring mail         ||     7
       Chain mail        ||    34
Dodge: Dodged            ||    60
